 Dungeon Crawl Stone Soup version 0.22.1-2-g9c5b331 (webtiles) character file.

1189 Kelyas the Sneak (level 8, 0/39 HPs)
             Began as a Spriggan Enchanter on Nov 18, 2018.
             Was an Initiate of Gozag.
             Slain by Prince Ribbit (11 damage)
             ... on level 5 of the Dungeon.
             The game lasted 00:15:26 (6770 turns).

Kelyas the Sneak (Spriggan Enchanter)               Turns: 6770, Time: 00:15:26

Health: 0/39       AC:  4    Str:  4    XL:     8   Next: 19%
Magic:  12/18      EV: 19    Int: 18    God:    Gozag
Gold:   310        SH:  0    Dex: 17    Spells: 13/19 levels left

rFire    . . .     SeeInvis +   r - -2 dagger (curse)
rCold    . . .     Gourm    .   (shield restricted)
rNeg     . . .     Faith    .   s - +2 robe {MR+}
rPois    .         Spirit   .   (helmet restricted)
rElec    .         Reflect  .   (no cloak)
rCorr    .         Harm     .   (gloves unavailable)
MR       ++...                  (boots unavailable)
Stlth    ++++......             (no amulet)
HPRegen  0.13/turn              (no ring)
MPRegen  0.16/turn              (no ring)

@: very quick
A: very small, unfitting armour, see invisible, herbivore, speed 3, slow
metabolism 2
a: Potion Petition, Call Merchant, Bribe Branch, Renounce Religion


You were on level 5 of the Dungeon.
You worshipped Gozag.
Gozag was aware of your devotion.
You were not hungry.

You visited 2 branches of the dungeon, and saw 6 of its levels.

You collected 366 gold pieces.
You paid 56 gold pieces to Gozag.

Inventory:

Hand Weapons
 p - a +1 dagger of venom
 r - a cursed -2 dagger (weapon)
Missiles
 e - 2 tomahawks of dispersal (quivered)
Armour
 s - a +2 robe of magic resistance (worn)
Wands
 m - a wand of polymorph (19)
Scrolls
 c - 5 scrolls of teleportation
 h - a scroll of enchant armour
 n - a scroll of fear
 o - a scroll of fog {unknown}
 q - 2 scrolls of magic mapping {unknown}
Potions
 f - 2 potions of might
 g - a potion of flight
 i - a potion of berserk rage
 j - a potion of heal wounds
 k - a potion of curing
 l - 2 potions of ambrosia {unknown}
Comestibles
 d - 5 rations


   Skills:
 + Level 2.3 Fighting
 * Level 5.0 Short Blades
 + Level 3.7 Dodging
 * Level 7.6 Stealth
 * Level 6.0 Spellcasting
 * Level 6.4 Hexes
 + Level 1.6 Ice Magic


You had 13 spell levels left.
You knew the following spells:

 Your Spells              Type           Power        Failure   Level  Hunger
a - Corona                Hex            ####...      1%          1    None
b - Ensorcelled Hibernat  Hex/Ice        ###...       3%          2    None
c - Confuse               Hex            ####....     2%          3    ##.....

Your spell library contained the following spells:

 Spells                   Type           Power        Failure   Level  Hunger
 Tukima's Dance           Hex            ####....     2%          3    ##.....
 Dazzling Spray           Conj/Hex       ###...       10%         3    ##.....


Dungeon Overview and Level Annotations

Branches:
Dungeon (5/15)             Temple (1/1) D:4

Altars:
Ashenzari
Cheibriados
Dithmenos
Elyvilon
Fedhas
Gozag
Hepliaklqana
Kikubaaqudgha
Makhleb
Qazlal
Ru
Trog
Uskayaw
Vehumet
Wu Jian
Xom
Yredelemnul
Zin
The Shining One

Annotations:
D:5 Prince Ribbit


Innate Abilities, Weirdness & Mutations

You are very small and have problems with some larger weapons.
You are too small for most types of armour.
You have supernaturally acute eyesight. (SInv)
You are a herbivore.
You cover ground extremely quickly.
You need to consume almost no food.


Message History

There is a stone staircase leading up here.
Unknown command.
Casting: Ensorcelled Hibernation (safe; 3% risk of failure)
Confirm with . or Enter, or press ? or * to list all spells.
Aiming: Confuse (safe; 2% risk of failure)
Press: ? - help, Shift-Dir - straight line, f - Prince Ribbit
Aim: Prince Ribbit (chance to defeat MR: 39%) Prince Ribbit resists with some effort.
Prince Ribbit hits you!
The bullfrog zombie completely misses you.
Casting: Confuse (safe; 2% risk of failure)
Confirm with . or Enter, or press ? or * to list all spells.
Aiming: Confuse (safe; 2% risk of failure)
Press: ? - help, Shift-Dir - straight line, f/p - Prince Ribbit
Aim: Prince Ribbit (chance to defeat MR: 39%) Prince Ribbit resists with some effort.
Prince Ribbit hits you!
* * * LOW HITPOINT WARNING * * *
The bullfrog zombie completely misses you.
Prince Ribbit hits you!
You die...
Your body crumbles into a pile of gold.

####+##########
#.....$$..@F..#
#.#.<.[....Z$.#
#.....[.....#
#...........#
#....########
#....# #....#
+..... #......


You could see Prince Ribbit and a bullfrog zombie.

Vanquished Creatures
  Duvessa (D:4)
  2 ogres
  A phantom (D:4)
  Dowan (D:4)
  8 orc priests
  A bullfrog skeleton (D:4)
  5 orc wizards
  An iguana (D:4)
  A worker ant (D:4)
  Robin (D:2)
  14 gnolls
  5 adders
  2 oozes (D:1)
  4 worms
  25 orcs
  A ball python (D:2)
  9 bats
  3 giant cockroaches
  18 goblins
  9 hobgoblins
  5 jackals (D:2)
  A quokka (D:4)
  6 frilled lizards
  A kobold (D:3)
  9 rats
134 creatures vanquished.

Notes
Turn   | Place    | Note
-------+----------+-------------------------------------------
     0 | D:1      | Kelyas the Spriggan Enchanter began the quest for the Orb.
     0 | D:1      | Reached XP level 1. HP: 9/9 MP: 5/5
   302 | D:1      | Reached XP level 2. HP: 13/13 MP: 7/7
   919 | D:2      | Noticed Robin
  1009 | D:1      | Learned a level 2 spell: Ensorcelled Hibernation
  1794 | D:1      | Reached XP level 3. HP: 13/16 MP: 8/8
  1941 | D:2      | Killed Robin
  2051 | D:2      | Noticed an ogre
  2076 | D:2      | Killed an ogre
  2076 | D:2      | Reached skill level 1 in Fighting
  2076 | D:2      | Reached skill level 5 in Stealth
  2076 | D:2      | Reached XP level 4. HP: 22/22 MP: 1/10
  2172 | D:2      | Reached XP level 5. HP: 25/25 MP: 8/12
  2390 | D:2      | Found a white marble altar of Elyvilon.
  2393 | D:2      | Found a sacrificial altar of Ru.
  3317 | D:2      | Reached skill level 5 in Hexes
  3875 | D:3      | Learned a level 3 spell: Confuse
  3972 | D:3      | Reached XP level 6. HP: 21/30 MP: 11/13
  4428 | D:3      | Reached skill level 6 in Stealth
  4828 | D:3      | Found a shimmering altar of Xom.
  4945 | D:4      | Reached skill level 5 in Spellcasting
  4945 | D:4      | Reached XP level 7. HP: 22/34 MP: 9/15
  4965 | D:4      | Reached skill level 1 in Ice Magic
  5233 | D:4      | Found a staircase to the Ecumenical Temple.
  5268 | Temple   | Entered the Ecumenical Temple
  5326 | Temple   | Became a worshipper of Gozag Ym Sagoz the Greedy
  5854 | D:4      | Reached skill level 7 in Stealth
  6309 | D:4      | Noticed Dowan
  6311 | D:4      | Noticed Duvessa
  6316 | D:4      | Killed Dowan
  6316 | D:4      | Reached XP level 8. HP: 39/39 MP: 17/17
  6323 | D:4      | Killed Duvessa
  6553 | D:5      | Entered Level 5 of the Dungeon
  6555 | D:5      | Reached skill level 5 in Short Blades
  6577 | D:5      | Noticed Prince Ribbit
  6770 | D:5      | Slain by Prince Ribbit

Skill      XL: |  1  2  3  4  5  6  7  8 |
---------------+-------------------------+-----
Spellcasting   | 3 4 5 6 |  6.0
Hexes          | 4 5 6 |  6.4
Short Blades   | 2 3 4 5 |  5.0
Fighting       | 1 2 |  2.3
Stealth        | 5 6 7 |  7.6
Ice Magic      | 1 |  1.6
Dodging        | |  3.7

Action                   |  1- 3 |  4- 6 |  7- 9 || total
-------------------------+-------+-------+-------++-------
Melee: Dagger            |    71 |   272 |   111 ||   454
 Cast: Ensorcelled Hiber |    17 |    56 |    30 ||   103
       Corona            |     2 |     1 |       ||     3
       Confuse           |       |     1 |     4 ||     5
  Use: Scroll            |     1 |       |     7 ||     8
       Potion            |       |     4 |       ||     4
 Stab: Sleeping          |    12 |    34 |    21 ||    67
       Distracted        |       |     1 |       ||     1
       Invisible         |       |     2 |     6 ||     8
       Confused          |       |     1 |     4 ||     5
  Eat: Ration            |       |     3 |     1 ||     4
Armor: Robe              |     8 |    32 |     5 ||    45
Dodge: Dodged            |    90 |   301 |    86 ||   477
